 Dungeon Crawl Stone Soup version 0.30-a0-322-g102857c98e (webtiles) character file.

Game seed: 10516845270104939348

21789 billz999 the Skirmisher (level 12, -4/142 HPs)
             Began as a Gnoll Hunter on Oct 27, 2022.
             Was a Priest of Kikubaaqudgha.
             Slain by a culicivora (9 damage)
             ... on level 1 of the Lair of Beasts.
             The game lasted 00:43:32 (15726 turns).

billz999 the Skirmisher (Gnoll Hunter)             Turns: 15726, Time: 00:43:33

Health: -4/142     AC: 26    Str: 11    XL:     12   Next: 93%
Magic:  0/24       EV:  2    Int:  9    God:    Kikubaaqudgha [***...]
Gold:   755        SH:  0    Dex: 20    Spells: 22/27 levels left

rFire   . . .      SeeInvis .    b - +5 whip of Ragnarok {vorpal, rPois}
rCold   + . .      Faith    .    (no shield)
rNeg    . . .      Spirit   +    (body armour currently unavailable)
rPois   +          Reflect  .    (helmet currently unavailable)
rElec   .          Harm     .    (cloak currently unavailable)
rCorr   .          Rampage  .    (gloves currently unavailable)
Will    +....      NoTele   +    (boots currently unavailable)
Stlth   ++++......               B - amulet of guardian spirit
HPRegen 0.43/turn                x - ring of protection from cold
MPRegen 0.19/turn                r - ring of willpower

@: mighty, tree-form, attractive, hasted, studying Throwing, very quick
A: stationary, stasis, torment immunity, boosted hp, (fangs 1), strong nose,
distributed training, (shaggy fur 1), MP-powered wands
a: Renounce Religion, Unearth Wretches


You were on level 1 of the Lair of Beasts.
You worshipped Kikubaaqudgha.
Kikubaaqudgha was most pleased with you.
You were a tree.
You visited 3 branches of the dungeon, and saw 13 of its levels.

You collected 755 gold pieces.

Inventory:

Hand Weapons
 a - a +0 arbalest
 b - the +5 whip of Ragnarok (weapon) {vorpal, rPois}
   (You took it off a kobold on level 3 of the Dungeon)

   It inflicts extra damage upon your enemies.
   rPois:     It protects you from poison.
 k - a +1 whip of venom
 q - a +1 whip of venom
 u - a +0 shortbow
 E - a +5 trident
Missiles
 H - 3 silver javelins
Armour
 c - a +0 leather armour (melded)
 m - a +0 pair of gloves (melded)
 n - a +0 cloak (melded)
 p - the -1 buckler "Fugg" {*Corrode rPois Str+9}
   (You acquired it on level 1 of the Lair of Beasts)

   Str:       It affects your strength (+9).
   rPois:     It protects you from poison.
   *Corrode:  It may corrode you when you take damage.
 s - a +2 pair of gloves
 y - a +0 pair of gloves
 C - an orb of energy
Magical Staves
 d - a staff of poison
Jewellery
 r - a ring of willpower (right branch)
 x - a ring of protection from cold (left branch)
 B - an amulet of guardian spirit (around neck)
 F - a ring of positive energy
Scrolls
 g - 4 scrolls of vulnerability
 h - 7 scrolls of noise
 i - 5 scrolls of identify
 j - 2 scrolls of magic mapping
 t - 3 scrolls of immolation
 z - a scroll of butterflies
Potions
 f - 2 potions of brilliance
 v - 2 potions of flight
 w - a potion of attraction
 I - a potion of ambrosia


   Skills:
 + Level 9.3 Fighting
 + Level 8.0 Short Blades
 + Level 8.0 Long Blades
 + Level 8.0 Axes
 + Level 8.0 Maces & Flails
 + Level 8.0 Polearms
 + Level 8.0 Staves
 + Level 11.6 Ranged Weapons
 + Level 10.8 Throwing
 + Level 8.0 Armour
 + Level 9.3 Dodging
 + Level 8.4 Stealth
 + Level 8.0 Shields
 + Level 8.0 Unarmed Combat
 + Level 8.0 Spellcasting
 + Level 6.7 Conjurations
 + Level 6.7 Hexes
 + Level 6.7 Summonings
 + Level 6.7 Necromancy
 + Level 6.7 Translocations
 + Level 6.7 Transmutations
 + Level 6.7 Fire Magic
 + Level 6.7 Ice Magic
 + Level 6.7 Air Magic
 + Level 6.7 Earth Magic
 + Level 6.7 Poison Magic
 + Level 8.8 Invocations
 + Level 8.0 Evocations


You had 22 spell levels left.
You knew the following spells:

 Your Spells              Type           Power      Damage    Failure   Level
a - Borgnjor's Vile Clut  Necr/Erth      7%         N/A       32%         5

Your spell library contained the following spells:

 Spells                   Type           Power      Damage    Failure   Level
 Necrotise                Necr           60%        1d7       1%          1
 Cigotuvi's Dreadful Rot  Necr/Pois/Air  30%        N/A       1%          2
 Sublimation of Blood     Necr           15%        N/A       1%          2
 Frozen Ramparts          Ice            30%        1d5       3%          3
 Tukima's Dance           Hex            15%        N/A       3%          3
 Vampiric Draining        Necr           15%        2d7       3%          3
 Animate Dead             Necr           15%        N/A       12%         4
 Dispel Undead            Necr           15%        3d10      12%         4
 Ice Form                 Ice/Tmut       15%        N/A       12%         4
 Passage of Golubria      Tloc           15%        N/A       12%         4
 Summon Ice Beast         Ice/Summ       15%        N/A       12%         4
 Agony                    Necr           15%        N/A       32%         5
 Yara's Violent Unravell  Hex/Tmut       7%         3d5       32%         5
 Death Channel            Necr           7%         N/A       87%         6
 Simulacrum               Ice/Necr       7%         N/A       87%         6
 Enfeeble                 Hex            7%         N/A       100%        7


Dungeon Overview and Level Annotations

Branches:
Dungeon (10/15)            Temple (1/1) D:5            Lair (2/5) D:9
 Spider (0/4) Lair:2          Orc (0/2) D:10
  Swamp: Lair:2-3    Shoals: Lair:2-3

Altars:
Ashenzari
Kikubaaqudgha
Nemelex Xobeh
Qazlal
Vehumet
Yredelemnul

Shops:
D:1 (

Annotations:
D:6 1 runed translucent door, Tollund's ghost, novice OpTm


Innate Abilities, Weirdness & Mutations

You are a tree.
Your roots penetrate the ground, keeping you stationary.
You cannot be teleported.
You are immune to unholy pain and torment.
Your maximum health is greatly increased.
Your equipment is partially melded.
((You have very sharp teeth.))
Your uncanny sense of smell can sniff out nearby items.
Your experience applies equally to all skills.
((You are covered in fur. (AC +1)))
You expend magic power (3 MP) to strengthen your wands.


Message History

* * * LOW HITPOINT WARNING * * *
The culicivora draws strength from your injuries!
Something pounces on your butterfly!
Your butterfly dies!
Your butterfly disappears in a burst of colours!
The culicivora bites you.
* * * LOW HITPOINT WARNING * * *
The culicivora draws strength from your injuries!
The culicivora barely misses your butterfly.
The culicivora is attracted toward you.
You climb upwards.
There is a stone staircase leading down, spattered with blood here.
Okay, then.
Okay, then.
Casting: Borgnjor's Vile Clutch (dangerous; 38% risk of failure)
Confirm with . or Enter, or press ? or * to list all spells.
Aiming: Borgnjor's Vile Clutch (dangerous; 38% risk of failure)
Press: ? - help, Shift-Dir - straight line, f - culicivora
Aim: a culicivora (100% to hit)
Zombie hands grab the culicivora.
The zombie hands constrict the culicivora.
Unknown command.
The zombie hands constrict the culicivora.
The culicivora struggles to escape constriction.
The culicivora escapes!
It was a potion of lignification.
You turn into a tree.
Your +0 cloak melds into your body.
Your +0 pair of gloves melds into your body.
Your +0 leather armour melds into your body.
Your roots penetrate the ground.
You whack the culicivora!
The culicivora is moderately wounded.
The culicivora bites you.
* * * LOW HITPOINT WARNING * * *
The culicivora draws strength from your injuries!
It was a potion of might.
You feel very mighty all of a sudden. The culicivora bites you!
You die...
Kikubaaqudgha rasps: "You have failed me!
Welcome... death!"

...##..[.....## ### #..P##.###
.............## #..###.###
).#...........## #.##.#.##P
#.....#........## ###.#.......
#....##.⌠.##....### #......#.###
...####...###...#.####.....#..###
....##......##...#.........##..#.
..⌠.#...>..##.⌠.s###........#.###
....##.....##...♣####.......#.# #
..S####...###...#..#P.......#.# #
#..S##..⌠..#....#.............###
.....#.........#..#.#.......####.
.#............###..#........# #.
..#...........#.............# ##.
...##.......##.#.....#..#######..
.....#....#.###...#..............
##....#.⌠.#.####...#############.


You could see a culicivora.

Vanquished Creatures
  A hydra (Lair:2)
  2 two-headed ogres
  Urug (Lair:1)
  5 elephants (Lair:2)
  A black mamba (Lair:1)
  2 cane toads (Lair:1)
  A komodo dragon (Lair:2)
  2 rime drakes
  2 kobold demonologists (D:10)
  4 polar bears
  A troll (D:10)
  11 blink frogs
  Grinder (D:4)
  A culicivora (Lair:2)
  A jumping spider (Lair:2)
  Sigmund (D:5)
  A vampire (D:9)
  21 yaks
  Eustachio (D:4)
  A basilisk (Lair:2)
  3 steam dragons
  A wyvern (Lair:1)
  An acid dragon (D:9)
  12 water moccasins
  A sky beast (D:8)
  4 orc warriors
  4 ice beasts
  3 black bears
  A hornet zombie (D:7)
  2 centaurs (D:7)
  2 ogres
  13 wolves
  4 necrophages (D:7)
  6 bullfrogs
  3 scorpions
  2 water moccasin zombies (D:7)
  10 wights
  20 killer bees
  2 howler monkeys (D:9)
  A bullfrog zombie (D:7)
  4 hounds
  8 orc priests
  A human zombie (D:7)
  3 gnoll boudas
  2 iguanas (D:4)
  2 jellies
  13 orc wizards
  A killer bee zombie (D:7)
  Robin (D:4)
  7 adders
  9 gnolls
  2 shadow imps
  2 white imps
  An ufetubus (D:2)
  A worm (D:4)
  2 dart slugs (D:1)
  45 orcs
  7 bats
  7 endoplasms
  3 giant cockroaches
  16 goblins
  9 hobgoblins
  4 jackals (D:1)
  5 ball pythons
  5 frilled lizards
  11 kobolds
  4 rats
331 creatures vanquished.

Vanquished Creatures (collateral kills)
  A jumping spider (Lair:2)
1 creature vanquished.

Vanquished Creatures (others)
  A kobold brigand (D:9)
  A ball python (D:9)
  19 fungi
  36 plants
57 creatures vanquished.

Grand Total: 389 creatures vanquished

Notes
Turn   | Place    | Note
-------+----------+-------------------------------------------
     0 | D:1      | billz999 the Gnoll Hunter began the quest for the Orb.
     0 | D:1      | Reached XP level 1. HP: 20/20 MP: 1/1
    81 | D:1      | Reached XP level 2. HP: 26/26 MP: 2/2
   315 | D:1      | Found Kiafell's Weapon Boutique.
   447 | D:1      | Found a faded altar of an unknown god.
   476 | D:1      | Reached XP level 3. HP: 31/31 MP: 3/3
   647 | D:2      | Reached skill level 1 in Invocations
   730 | D:2      | Reached skill level 1 in Short Blades
   730 | D:2      | Reached skill level 1 in Long Blades
   730 | D:2      | Reached skill level 1 in Axes
   730 | D:2      | Reached skill level 1 in Maces & Flails
   730 | D:2      | Reached skill level 1 in Polearms
   730 | D:2      | Reached skill level 1 in Staves
   730 | D:2      | Reached skill level 1 in Throwing
   730 | D:2      | Reached skill level 1 in Armour
   730 | D:2      | Reached skill level 1 in Shields
   730 | D:2      | Reached skill level 1 in Unarmed Combat
   730 | D:2      | Reached skill level 1 in Spellcasting
   730 | D:2      | Reached skill level 1 in Evocations
   817 | D:2      | Reached XP level 4. HP: 38/38 MP: 5/5
  1137 | D:2      | Found a stormy altar of Qazlal.
  1366 | D:3      | Reached skill level 1 in Conjurations
  1366 | D:3      | Reached skill level 1 in Hexes
  1366 | D:3      | Reached skill level 1 in Summonings
  1366 | D:3      | Reached skill level 1 in Necromancy
  1366 | D:3      | Reached skill level 1 in Translocations
  1366 | D:3      | Reached skill level 1 in Transmutations
  1366 | D:3      | Reached skill level 1 in Fire Magic
  1366 | D:3      | Reached skill level 1 in Ice Magic
  1366 | D:3      | Reached skill level 1 in Air Magic
  1366 | D:3      | Reached skill level 1 in Earth Magic
  1366 | D:3      | Reached skill level 1 in Poison Magic
  1870 | D:3      | Identified the +5 whip of Ragnarok {vorpal, rPois}
  2168 | D:4      | Noticed Robin
  2173 | D:4      | Reached XP level 5. HP: 39/43 MP: 5/7
  2441 | D:4      | Killed Robin
  2480 | D:4      | Noticed Grinder
  2494 | D:4      | Paralysed by Grinder for 2 turns
  2502 | D:4      | Killed Grinder
  2503 | D:4      | Reached skill level 5 in Fighting
  2503 | D:4      | Reached skill level 5 in Dodging
  2503 | D:4      | Reached XP level 6. HP: 23/51 MP: 7/9
  2835 | D:4      | Noticed Eustachio
  2848 | D:4      | Killed Eustachio
  2849 | D:4      | Reached XP level 7. HP: 22/56 MP: 10/10
  3367 | D:4      | Reached skill level 9 in Ranged Weapons
  3554 | D:5      | Entered Level 5 of the Dungeon
  3709 | D:5      | Found a radiant altar of Vehumet.
  3723 | D:5      | Identified the +2 leather armour of the Resonant God {rF+}
  3735 | D:5      | Noticed Sigmund
  3741 | D:5      | Killed Sigmund
  3742 | D:5      | Reached XP level 8. HP: 59/63 MP: 12/12
  4526 | D:5      | Found a staircase to the Ecumenical Temple.
  4541 | Temple   | Entered the Ecumenical Temple
  4553 | Temple   | Became a worshipper of Kikubaaqudgha
  4876 | D:6      | Found a runed translucent door.
  4876 | D:6      | Noticed Tollund's ghost (novice OpTm)
  5775 | D:7      | Reached XP level 9. HP: 68/69 MP: 14/14
  5908 | D:7      | Gained mutation: You are covered in fur. (AC +1) [potion of
                  | mutation]
  5908 | D:7      | Gained mutation: You expend magic power (3 MP) to
                  | strengthen your wands. [potion of mutation]
  6138 | D:6      | Reached skill level 5 in Stealth
  6228 | D:6      | Reached skill level 5 in Throwing
  6228 | D:6      | Reached * piety under Kikubaaqudgha
  6228 | D:6      | Received a gift from Kikubaaqudgha
  6467 | D:7      | Reached skill level 5 in Invocations
  6787 | D:7      | Found a basalt altar of Yredelemnul.
  7069 | D:7      | Reached skill level 5 in Short Blades
  7069 | D:7      | Reached skill level 5 in Long Blades
  7069 | D:7      | Reached skill level 5 in Axes
  7069 | D:7      | Reached skill level 5 in Maces & Flails
  7069 | D:7      | Reached skill level 5 in Polearms
  7069 | D:7      | Reached skill level 5 in Staves
  7069 | D:7      | Reached skill level 5 in Armour
  7069 | D:7      | Reached skill level 5 in Shields
  7069 | D:7      | Reached skill level 5 in Unarmed Combat
  7069 | D:7      | Reached skill level 5 in Spellcasting
  7069 | D:7      | Reached skill level 5 in Evocations
  7212 | D:8      | Reached XP level 10. HP: 77/77 MP: 17/17
  7243 | D:8      | Reached skill level 10 in Ranged Weapons
  7447 | D:8      | Noticed a two-headed ogre
  7453 | D:8      | Killed a two-headed ogre
  7677 | D:8      | Found a stormy altar of Qazlal.
  7703 | D:8      | Reached ** piety under Kikubaaqudgha
  8227 | D:9      | Learned a level 5 spell: Borgnjor's Vile Clutch
  8701 | D:9      | Found a staircase to the Lair.
  8917 | D:9      | Noticed a two-headed ogre
  8924 | D:9      | Killed a two-headed ogre
  8925 | D:9      | Reached skill level 5 in Conjurations
  8925 | D:9      | Reached skill level 5 in Hexes
  8925 | D:9      | Reached skill level 5 in Summonings
  8925 | D:9      | Reached skill level 5 in Necromancy
  8925 | D:9      | Reached skill level 5 in Translocations
  8925 | D:9      | Reached skill level 5 in Transmutations
  8925 | D:9      | Reached skill level 5 in Fire Magic
  8925 | D:9      | Reached skill level 5 in Ice Magic
  8925 | D:9      | Reached skill level 5 in Air Magic
  8925 | D:9      | Reached skill level 5 in Earth Magic
  8925 | D:9      | Reached skill level 5 in Poison Magic
  8925 | D:9      | Reached XP level 11. HP: 85/85 MP: 16/20
  9541 | D:9      | Found a sparkling altar of Nemelex Xobeh.
  9769 | D:10     | Entered Level 10 of the Dungeon
 10005 | D:10     | Reached *** piety under Kikubaaqudgha
 10005 | D:10     | Received a gift from Kikubaaqudgha
 10605 | D:10     | Found a staircase to the Orcish Mines.
 10744 | Lair:1   | Entered Level 1 of the Lair of Beasts
 11448 | Lair:1   | Reached skill level 11 in Ranged Weapons
 11594 | Lair:1   | Noticed Urug
 11636 | Lair:1   | Reached XP level 12. HP: 42/94 MP: 12/22
 11675 | Lair:1   | Identified a scroll of acquirement
 11677 | Lair:1   | Acquired the -1 buckler "Fugg" {*Corrode rPois Str+9}
 11772 | Lair:1   | Killed Urug
 13289 | Lair:2   | Found a hole to the Spider Nest.
 13403 | Lair:2   | Reached skill level 10 in Throwing
 13937 | Lair:2   | Reached **** piety under Kikubaaqudgha
 14107 | Lair:2   | Noticed a four-headed hydra
 15052 | Lair:2   | Killed a four-headed hydra
 15725 | Lair:1   | HP: 5/142 [culicivora (5)]
 15726 | Lair:1   | Slain by a culicivora

Illustrated notes

Levels and vault maps discovered:
D:1:      ebering_hopf_link, layout_basic, serial_shops,
          nicolae_shop_hallway_plus, shapermc_ecumenical_altar_gd,
          grunt_decor_one_mirror, wander_ebering_terrifying_dragon_lair
D:2:      layout_basic, basic_altar
D:3:      layout_loops_corners
D:4:      layout_gridville, chequers_mini_garden, uniq_grinder, uniq_robin,
          uniq_eustachio
D:5:      layout_basic, mainiacjoe_overflow_surrounded_room, temple_hall,
          uniq_sigmund
D:6:      layout_gridville, hellmonk_ghost_happy_afterlife, minmay_misc_feat_x,
          nicolae_grassy_gnolls
D:7:      layout_rooms, lemuel_mausoleum_altar_yredelemnul,
          kennysheep_another_room, corexii_hall_statues_x, st_stairs_10,
          minivault_10
D:8:      layout_basic, grunt_qazlal_sundering
D:9:      layout_gridville, kennysheep_mini_moat, hellmonk_lair_entry_icy
D:10:     layout_rooms, orc_0_dummy
Temple:   mainiacjoe_temple_bowtie_tessellation
Lair:1:   layout_loops_ring, grunt_megastairs_5, infiniplex_staircase_pool_2,
          lemuel_fruit_fields, uniq_urug
Lair:2:   layout_gridlike, nicolae_spider_entry_tight_spaces, special_room
          [special_room_bee], st_stairs_8, beast_lair_carwin_1,
          serial_bayou_shore_b, lemuel_fruit_tree

Skill      XL: |  1  2  3  4  5  6  7  8  9 10 11 12 |
---------------+-------------------------------------+-----
Invocations    | 1 2 3 4 5 6 7 8 |  8.8
Short Blades   | 1 2 3 5 6 7 8 |  8.0
Long Blades    | 1 2 3 5 6 7 8 |  8.0
Axes           | 1 2 3 5 6 7 8 |  8.0
Maces & Flails | 1 2 3 5 6 7 8 |  8.0
Polearms       | 1 2 3 5 6 7 8 |  8.0
Staves         | 1 2 3 5 6 7 8 |  8.0
Throwing       | 1 2 3 4 6 8 9 10 | 10.8
Armour         | 1 2 3 5 6 7 8 |  8.0
Shields        | 1 2 3 5 6 7 8 |  8.0
Unarmed Combat | 1 2 3 5 6 7 8 |  8.0
Spellcasting   | 1 2 3 5 6 7 8 |  8.0
Evocations     | 1 2 3 5 6 7 8 |  8.0
Conjurations   | 1 2 3 4 5 6 |  6.7
Hexes          | 1 2 3 4 5 6 |  6.7
Summonings     | 1 2 3 4 5 6 |  6.7
Necromancy     | 1 2 3 4 5 6 |  6.7
Translocations | 1 2 3 4 5 6 |  6.7
Transmutations | 1 2 3 4 5 6 |  6.7
Fire Magic     | 1 2 3 4 5 6 |  6.7
Ice Magic      | 1 2 3 4 5 6 |  6.7
Air Magic      | 1 2 3 4 5 6 |  6.7
Earth Magic    | 1 2 3 4 5 6 |  6.7
Poison Magic   | 1 2 3 4 5 6 |  6.7
Fighting       | 5 6 7 8 9 |  9.3
Dodging        | 5 6 7 8 9 |  9.3
Stealth        | 3 4 5 6 7 8 |  8.4
Ranged Weapons | 9 10 11 | 11.6

Action                   |  1- 3 |  4- 6 |  7- 9 | 10-12 || total
-------------------------+-------+-------+-------+-------++-------
Melee: Whip              |       |    41 |    26 |   112 ||   179
       Bite              |       |     4 |     3 |    17 ||    24
       Unarmed           |       |     3 |       |       ||     3
       Punch             |       |       |     1 |     7 ||     8
 Fire: Shortbow          |    73 |    78 |       |       ||   151
       Arbalest          |       |    20 |   246 |   590 ||   856
Throw: Dart              |       |       |       |    17 ||    17
       Javelin           |       |       |       |    10 ||    10
 Cast: Borgnjor's Vile C |       |       |       |    12 ||    12
Invok: Unearth Wretches  |       |       |       |     1 ||     1
Evoke: Wand              |       |       |     5 |    20 ||    25
  Use: Scroll            |       |       |     7 |    14 ||    21
       Potion            |       |       |     6 |    10 ||    16
 Stab: Invisible         |       |       |       |     1 ||     1
       Sleeping          |       |       |       |     1 ||     1
Armor: Leather armour    |     8 |    11 |    38 |   158 ||   215
Dodge: Dodged            |    25 |    49 |   155 |   612 ||   841

Table legend: (Time is in decaauts)
 A = Elapsed time spent in this place.
 B = Non-inter-level travel time spent in this place.
 C = Inter-level travel time spent in this place.
 D = Time resting spent in this place.
 E = Time spent auto-exploring this place.
 F = Levels seen in this place.
 G = Mean time per level.
                   A        B        C        D        E       F      G
               +--------+--------+--------+--------+--------+-----+--------+
         Total |  16007 |  15273 |    734 |   3511 |   9186 |  13 | 1231.3 |
       Dungeon |  11132 |  10604 |    528 |   1831 |   7164 |  10 | 1113.2 |
        Temple |     22 |      8 |     14 |      0 |      6 |   1 |   22.0 |
          Lair |   4852 |   4661 |    191 |   1679 |   2016 |   2 | 2426.0 |
               +--------+--------+--------+--------+--------+-----+--------+

Top non-repeatable levels by time:
  Lair:2: 2486 daAuts
  Lair:1: 2366 daAuts
     D:9: 1645 daAuts
     D:7: 1310 daAuts
     D:6: 1233 daAuts
     D:8: 1224 daAuts
     D:4: 1221 daAuts
     D:5: 1167 daAuts
     D:3: 1070 daAuts
    D:10: 966 daAuts
     D:2: 659 daAuts
     D:1: 633 daAuts
  Temple: 22 daAuts
